 Dungeon Crawl Stone Soup version 0.28.0 (webtiles) character file.

Game seed: 18327923959298897059

427 Anon1729 the Insei (level 6, -1/38 HPs)
             Began as an Octopode Transmuter on Feb 15, 2022.
             Slain by an orc wizard (3 damage)
             ... on level 5 of the Dungeon.
             The game lasted 00:05:57 (5234 turns).

Anon1729 the Insei (Octopode Transmuter)            Turns: 5234, Time: 00:05:57

Health: -1/38      AC:  1    Str:  9    XL:     6   Next: 97%
Magic:  9/9        EV: 13    Int: 17    God:
Gold:   202        SH:  5    Dex: 13    Spells: 3/9 levels left

rFire   . . .      SeeInvis .     - Unarmed
rCold   . . .      Faith    .   (no shield)
rNeg    . . .      Spirit   .   (helmet restricted)
rPois   .          Reflect  +   m - amulet of reflection
rElec   .          Harm     .   (no ring)
rCorr   .          Rampage  .   (no ring)
Will    .....                   (no ring)
Stlth   ++........              (no ring)
HPRegen 0.12/turn               (no ring)
MPRegen 0.11/turn               (no ring)
                                (no ring)
                                (no ring)

@: brilliant, on berserk cooldown, slowed, very slow
A: almost no armour, amphibious, 8 rings, camouflage 1, gelatinous body 1,
(nimble swimmer 1), tentacles
a: no special abilities


You were on level 5 of the Dungeon.
You visited 1 branch of the dungeon, and saw 5 of its levels.

You collected 202 gold pieces.

Inventory:

Magical Staves
 g - a staff of air
 l - a staff of poison
Jewellery
 e - a ring of flight
 k - an amulet of guardian spirit
 m - an amulet of reflection (around mantle)
Wands
 j - a wand of flame (18)
Scrolls
 a - a scroll of teleportation
 b - 4 scrolls of magic mapping
 c - 2 scrolls of blinking
 d - 2 scrolls of enchant armour
 f - a scroll of fog
Potions
 h - a potion of magic


   Skills:
 - Level 1.0 Fighting
 - Level 2.0 Dodging
 + Level 7.5 Unarmed Combat
 - Level 2.0 Spellcasting
 - Level 2.0 Transmutations


You had 3 spell levels left.
You knew the following spells:

 Your Spells              Type           Power      Damage    Failure   Level
a - Beastly Appendage     Tmut           26%        N/A       9%          1
b - Wereblood             Tmut           13%        N/A       13%         2
c - Spider Form           Tmut/Pois      7%         N/A       36%         3

Your spell library contained the following spells:

 Spells                   Type           Power      Damage    Failure   Level
 Ice Form                 Ice/Tmut       7%         N/A       77%         4


Dungeon Overview and Level Annotations

Branches:
Dungeon (5/15)
 Temple: D:4-7

Altars:
Wu Jian

Annotations:
D:5 exclusion: ice beast


Innate Abilities, Weirdness & Mutations

You cannot wear most types of armour.
You are amphibious.
You can wear up to eight rings at the same time.
Your skin changes colour to match your surroundings (Stealth+).
Your rubbery body absorbs attacks. (AC +1, EV +1)
((You are camouflaged when in or above water. (Stealth+)))
You have tentacles for arms and can constrict up to eight enemies at once.


Message History

Deactivating autopickup; reactivate with Ctrl-A.
You are more confused.
Unknown command.
You are too confused!
Okay, then.
You bump into the rock wall.
You hear some strange, mumbled words.
You are more confused.
Your tentacle spike disappears.
You miss something. Your squeeze misses something. Something hits you.
You bump into the rock wall.
Something hits you. Something barely misses you.
You're too confused to move!
You feel less confused.
You hear some strange, mumbled words.
A magic dart appears from out of thin air!
The magic dart hits you.
Aiming: Throw Flame
Press: ? - help, Shift-Dir - straight line, f - orc
Aim: an orc, wielding a +0 dagger (68% to hit)
The puff of flame misses the orc.
Something hits you.
* * * LOW HITPOINT WARNING * * *
Something hits you.
* * * LOW HITPOINT WARNING * * *
Aiming: Throw Flame
Press: ? - help, Shift-Dir - straight line, f/p - orc
Aim: an orc, wielding a +0 dagger (68% to hit)
The puff of flame misses the orc.
Something hits you.
* * * LOW HITPOINT WARNING * * *
Aiming: Throw Flame
Press: ? - help, Shift-Dir - straight line, f/p - orc
Aim: an orc, wielding a +0 dagger (68% to hit)
The puff of flame hits something!
Something completely misses you. Something hits you.
* * * LOW HITPOINT WARNING * * *
Unknown command.
Aiming: Throw Flame
Press: ? - help, Shift-Dir - straight line, f/p - orc
Aim: an orc, wielding a +0 dagger (68% to hit)
The puff of flame hits something!
Something hits you.
You die...

###########
#o..o.....#
#{########.
#@#### #....#
########.##.#
.........##.#
>#######.##.#
#.##.# #.##.#
#.. #.##.#
#.. ####.##.#
#.#


You could see an orc.

Vanquished Creatures
  A bullfrog (D:3)
  2 hounds (D:4)
  An iguana (D:4)
  3 orc wizards
  3 gnolls
  A howler monkey skeleton (D:4)
  7 adders
  An ufetubus (D:4)
  A worm (D:3)
  4 dart slugs
  9 orcs
  4 endoplasms
  5 giant cockroaches
  6 goblins
  6 hobgoblins
  7 kobolds
  5 quokkas
  7 ball pythons
  3 bats (D:2)
  6 frilled lizards
  7 rats
89 creatures vanquished.

Notes
Turn   | Place    | Note
-------+----------+-------------------------------------------
     0 | D:1      | Anon1729 the Octopode Transmuter began the quest for the
                  | Orb.
     0 | D:1      | Reached XP level 1. HP: 13/13 MP: 3/3
   113 | D:1      | Reached XP level 2. HP: 6/18 MP: 5/5
   895 | D:1      | Reached skill level 4 in Unarmed Combat
   895 | D:1      | Reached XP level 3. HP: 21/23 MP: 6/6
  1546 | D:2      | Found a faded altar of an unknown god.
  1564 | D:2      | Found a faded altar of an unknown god.
  1975 | D:2      | Reached XP level 4. HP: 5/28 MP: 5/7
  2273 | D:2      | Reached skill level 5 in Unarmed Combat
  3164 | D:3      | Noticed a bullfrog
  3168 | D:3      | Killed a bullfrog
  3169 | D:3      | Reached XP level 5. HP: 23/33 MP: 6/8
  3172 | D:3      | Learned a level 2 spell: Wereblood
  3176 | D:3      | Learned a level 3 spell: Spider Form
  3323 | D:3      | Reached skill level 6 in Unarmed Combat
  3734 | D:4      | Reached XP level 6. HP: 34/38 MP: 6/9
  4246 | D:4      | Found an ornate altar of the Wu Jian Council.
  4616 | D:5      | Entered Level 5 of the Dungeon
  4617 | D:5      | Noticed an ice beast
  4670 | D:4      | Reached skill level 7 in Unarmed Combat
  4797 | D:5      | HP: 1/38 [gnoll (16)]
  5233 | D:5      | HP: 1/38 [something (4)]
  5234 | D:5      | Slain by an orc wizard

Illustrated notes

Levels and vault maps discovered:
D:1:      moated_graveyard_arrival, layout_basic
D:2:      layout_rooms, hellmonk_ecumenical_altar_the_god_not_taken,
          minmay_misc_feat_more_columns, minmay_misc_feat_secret_circle,
          minmay_crystal_room, kennysheep_generic_room_15
D:3:      layout_basic, minivault_11
D:4:      layout_basic, nicolae_wu_jian_immortal_techniques
D:5:      layout_loops_ring, minmay_temple_entry_poolview, serial_shops,
          kennysheep_little_box

Skill      XL: |  1  2  3  4  5  6 |
---------------+-------------------+-----
Unarmed Combat | 4 5 6 7 |  7.5
Fighting       | |  1.0
Dodging        | |  2.0
Spellcasting   | |  2.0
Transmutations | |  2.0

Action                   |  1- 3 |  4- 6 || total
-------------------------+-------+-------++-------
Melee: Unarmed           |    88 |   114 ||   202
       Constrict         |    24 |    35 ||    59
       Tentacles         |    19 |    19 ||    38
       Kick              |    14 |    24 ||    38
       Punch             |     4 |    10 ||    14
 Cast: Beastly Appendage |    14 |    25 ||    39
       Spider Form       |       |     2 ||     2
Evoke: Wand              |       |     4 ||     4
  Use: Scroll            |       |     6 ||     6
       Potion            |       |     2 ||     2
 Stab: Sleeping          |     1 |     6 ||     7
Armor: Skin              |     8 |     6 ||    14
Dodge: Dodged            |    64 |    77 ||   141
Block: Other             |       |     8 ||     8
